 Dungeon Crawl Stone Soup version 0.29-a0-512-gf59ac788ac (webtiles) character file.

Game seed: 15689109131094544037

58 avis the Skirmisher (level 4, -2/48 HPs)
             Began as an Ogre Transmuter on May 30, 2022.
             Slain by a gnoll
             ... wielding a +0 spear
             ... led by a gnoll shaman
              (6 damage)
             ... on level 3 of the Dungeon.
             The game lasted 00:08:18 (2114 turns).

avis the Skirmisher (Ogre Transmuter)               Turns: 2114, Time: 00:08:18

Health: -2/48      AC:  3    Str: 14    XL:     4   Next: 1%
Magic:  7/7        EV: 10    Int: 14    God:
Gold:   89         SH:  0    Dex: 11    Spells: 6/7 levels left

rFire   . . .      SeeInvis .     - Unarmed
rCold   . . .      Faith    .   (no shield)
rNeg    . . .      Spirit   .   a - +0 robe
rPois   .          Reflect  .   (helmet restricted)
rElec   .          Harm     .   (no cloak)
rCorr   .          Rampage  .   (gloves unavailable)
Will    .....                   (boots unavailable)
Stlth   +.........              (no amulet)
HPRegen 0.16/turn               (no ring)
MPRegen 0.10/turn               (no ring)

@: no status effects
A: large, unfitting armour, tough skin 1
a: no special abilities


You were on level 3 of the Dungeon.
You visited 1 branch of the dungeon, and saw 3 of its levels.

You collected 89 gold pieces.

Inventory:

Missiles
 c - 126 stones
 j - 6 poisoned darts
Armour
 a - a +0 robe (worn)
 d - a scarf of harm
Wands
 q - a wand of flame (11)
Scrolls
 e - 2 scrolls of teleportation {unknown}
 f - a scroll of enchant weapon {unknown}
 g - 3 scrolls of identify {unknown}
 h - a scroll of blinking {unknown}
 k - a scroll of amnesia {unknown}
 m - a scroll of magic mapping {unknown}
 n - a scroll of silence {unknown}
 p - a scroll of torment {unknown}
 s - a scroll of immolation {unknown}
 t - a scroll of vulnerability {unknown}
Potions
 b - a potion of lignification
 i - a potion of flight {unknown}
 l - a potion of resistance {unknown}
 o - a potion of degeneration {unknown}
 r - a potion of heal wounds {unknown}


   Skills:
 * Level 4.2 Fighting
 - Level 2.0 Dodging
 - Level 3.0 Unarmed Combat
 - Level 2.4 Spellcasting
 - Level 2.0 Transmutations


You had 6 spell levels left.
You knew the following spells:

 Your Spells              Type           Power      Damage    Failure   Level
a - Beastly Appendage     Tmut           14%        N/A       10%         1

Your spell library contained the following spells:

 Spells                   Type           Power      Damage    Failure   Level
 Wereblood                Tmut           7%         N/A       16%         2
 Slow                     Hex            4%         N/A       22%         1
 Spider Form              Tmut/Pois      4%         N/A       41%         3
 Confusing Touch          Hex            1%         N/A       56%         3
 Vampiric Draining        Necr           1%         2d6       56%         3
 Ice Form                 Ice/Tmut       4%         N/A       83%         4


Dungeon Overview and Level Annotations

Branches:
Dungeon (3/15)

Altars:
Vehumet

Annotations:
D:3 Sigmund, Terence


Innate Abilities, Weirdness & Mutations

You are too large for most types of armour.
You have tough skin. (AC +1)


Message History

Training target 4.0 for Fighting reached!
Your Fighting skill increases to level 4!
You need to enable at least one skill for training.
You have reached level 4!
You hit the gnoll. You claw the gnoll. Your headbutt misses the gnoll.
The gnoll is heavily wounded.
The gnoll barely misses you.
You hit the gnoll but do no damage.
The gnoll is heavily wounded.
The gnoll barely misses you.
You hit the gnoll but do no damage. You claw the gnoll.
The gnoll is severely wounded.
The gnoll closely misses you. The gnoll attacks as you move away!
The gnoll closely misses you.
The gnoll hits the bush but does no damage.
The gnoll hits the bush but does no damage.
Your horns disappear.
Your talons disappear.
The gnoll hits the bush with a +0 spear.
The gnoll attacks as you move away! The gnoll hits you with a +0 club.
The gnoll shaman hits the bush but does no damage.
Sigmund casts a spell at you. The puff of flame hits you.
The gnoll attacks as you move away! The gnoll barely misses you.
Sigmund gestures wildly while chanting.
Sigmund flickers and vanishes!
Deactivating autopickup; reactivate with Ctrl-A.
The gnoll attacks as you move away! The gnoll hits you with a +0 club.
The gnoll hits you from afar with a +0 spear.
The gnoll hits you from afar with a +0 spear.
Terence the Incautious comes into view.
He is wielding a +0 short sword and carrying a wand of flame (16).
Terence shouts!
The gnoll hits you from afar with a +0 spear!
* * * LOW HITPOINT WARNING * * *
The gnoll attacks as you move away! The gnoll hits you with a +0 club.
* * * LOW HITPOINT WARNING * * *
The gnoll hits you from afar with a +0 spear.
* * * LOW HITPOINT WARNING * * *
There is a stone staircase leading up here.
The gnoll hits you from afar with a +0 spear.
You die...

#.........# #.........#
#.........# #....)....#
###.####### .# #.# .### #.###
... ##...#.#######.#####
##..♣P......@........
####.P♣♣...###.#g#.♣♣♣♣♣♣
#.....P♣P.PP.>...g...@...
#..).PP♣ .P....#...♣♣♣♣♣♣....
#..P.♣♣♣♣P♣♣................
.#..♣P.♣♣. ♣................
.#.#...P♣.PP.##.##.#.######.#
.#......PP..# #....P.# #.#
.....#...P.####..♣P..######.##


You could see 2 gnolls.

Vanquished Creatures
  A gnoll (D:3)
  2 endoplasms
  7 hobgoblins
  6 jackals (D:1)
  4 kobolds
  A quokka (D:2)
  3 ball pythons
  5 bats
  3 frilled lizards
  9 goblins
  3 rats
44 creatures vanquished.

Vanquished Creatures (others)
  A bush (D:3)
  A plant (D:3)
2 creatures vanquished.

Grand Total: 46 creatures vanquished

Notes
Turn   | Place    | Note
-------+----------+-------------------------------------------
     0 | D:1      | avis the Ogre Transmuter began the quest for the Orb.
     0 | D:1      | Reached XP level 1. HP: 19/19 MP: 3/3
    15 | D:1      | Reached skill level 2 in Fighting
   362 | D:1      | Reached XP level 2. HP: 29/29 MP: 3/5
   401 | D:1      | Reached skill level 3 in Fighting
   701 | D:1      | Reached XP level 3. HP: 35/37 MP: 4/6
   823 | D:1      | Found a faded altar of an unknown god.
  1880 | D:3      | Found a radiant altar of Vehumet.
  2088 | D:3      | Noticed Sigmund
  2091 | D:3      | Reached skill level 4 in Fighting
  2091 | D:3      | Reached XP level 4. HP: 34/48 MP: 5/7
  2110 | D:3      | Noticed Terence
  2114 | D:3      | Slain by a gnoll

Illustrated notes

Levels and vault maps discovered:
D:1:      dpeg_arrival_morbid_curiosity, layout_basic,
          chequers_ecumenical_altar_island
D:2:      layout_loops_ring
D:3:      layout_basic, vehumet_altar_wand_db, zin_purify, serial_forest,
          infiniplex_forest_clump_medium, infiniplex_forest_clump_diagonal,
          infiniplex_forest_straight_2, infiniplex_forest_fountain,
          infiniplex_forest_clump_cross, infiniplex_forest_lined_2,
          infiniplex_forest_clump_small, uniq_terence, uniq_sigmund

Skill      XL: |  1  2  3 |
---------------+----------+-----
Fighting       | 2 3 4 |  4.2
Unarmed Combat | 3 |  3.0
Transmutations | 2 |  2.0
Dodging        | 2 |  2.0
Spellcasting   | |  2.4

Action                   |  1- 3 |  4- 6 || total
-------------------------+-------+-------++-------
Melee: Unarmed           |   116 |     3 ||   119
       Kick              |    20 |     2 ||    22
       Headbutt          |    11 |       ||    11
 Cast: Beastly Appendage |    33 |       ||    33
 Stab: Sleeping          |     1 |       ||     1
Armor: Robe              |    34 |       ||    34
Dodge: Dodged            |    54 |     5 ||    59

Table legend: (Time is in decaauts)
 A = Elapsed time spent in this place.
 B = Non-inter-level travel time spent in this place.
 C = Inter-level travel time spent in this place.
 D = Time resting spent in this place.
 E = Time spent auto-exploring this place.
 F = Levels seen in this place.
 G = Mean time per level.
                   A        B        C        D        E       F      G
               +--------+--------+--------+--------+--------+-----+--------+
         Total |   2113 |   1980 |    133 |    386 |   1064 |   3 |  704.3 |
       Dungeon |   2113 |   1980 |    133 |    386 |   1064 |   3 |  704.3 |
               +--------+--------+--------+--------+--------+-----+--------+

Top non-repeatable levels by time:
     D:1: 1243 daAuts
     D:2: 645 daAuts
     D:3: 224 daAuts
